Map: Solaris LE

Players

Oliveira

  • Race: Terran Terran
  • League: Grandmaster
  • Spawn Location: 7:00

ONSYDESolar (Solar) - Winner!

  • Race: Zerg Zerg
  • League: Master
  • Spawn Location: 1:00

VOD

Have the link to the VOD?

Description

Time

  • Played on: Nov. 27, 2023, 5:26 a.m.
  • Length: 13:17
Show
View Real Time Build Order
Export as new Build Order

Oliveira Terran 

Build Orders: Liberator Opening, Reaper Expand 

Get SALT Encoding   

  12  0:00  SCV  
  13  0:12  SCV  
  14  0:17  Supply Depot  
  14  0:24  SCV  
  15  0:39  SCV  
  15  0:41  Barracks  
  16  0:44  Refinery  
  16  0:51  SCV  
  17  1:03  SCV  
  18  1:15  SCV  
  19  1:27  Orbital Command  
  19  1:29  Reaper  
  20  1:38  Command Center  
  20  1:48  Supply Depot  
  20  1:54  SCV  
  21  2:00  Marine  
  22  2:06  SCV  
  23  2:11  Factory  
  23  2:18  SCV  
  24  2:23  Barracks Reactor  
  24  2:31  SCV  
  25  2:38  Command Center  
  25  2:49  SCV  
  25  2:50  Orbital Command  
  26  3:00  Starport  
  26  3:01  SCV  
  26  3:03  Refinery  
  27  3:10  Hellion x2  
  31  3:13  SCV  
  31  3:15  SCV  
  31  3:18  Marine  
  34  3:25  SCV  
  35  3:27  SCV  
  35  3:31  Hellion x2  
  40  3:37  Liberator  
  40  3:38  SCV  
  40  3:40  SCV  
  45  3:52  Orbital Command  
  45  3:53  SCV  
  45  3:54  SCV  
  51  3:55  Hellion x2  
  51  3:58  Barracks Tech Lab  
  51  4:05  SCV  
  51  4:06  SCV  
  51  4:07  Supply Depot  
  53  4:17  SCV  
  53  4:18  SCV, Marine, Stimpack  
  53  4:19  Hellion x2  
  60  4:25  SCV, Starport Reactor  
  61  4:32  SCV  
  61  4:33  SCV  
  61  4:35  Supply Depot  
  61  4:37  SCV  
  61  4:38  Marine  
  65  4:43  Barracks  
  65  4:44  SCV  
  65  4:45  SCV, Barracks  
  66  4:48  Factory Reactor  
  66  4:50  Engineering Bay x2  
  66  4:51  SCV  
  68  4:55  Marine  
  68  4:57  SCV  
  68  4:58  Supply Depot, SCV  
  71  5:02  Refinery  
  71  5:04  Orbital Command  
  71  5:09  SCV  
  71  5:11  SCV  
  71  5:13  Starport Reactor  
  73  5:18  Terran Infantry Weapons Level 1, Refinery, Terran Infantry Armor Level 1  
  74  5:21  Supply Depot, SCV  
  74  5:22  Barracks  
  74  5:23  SCV, Marine  
  74  5:24  Barracks  
  74  5:26  Widow Mine  
  74  5:27  Widow Mine  
  79  5:31  Marine x2  
  76  5:35  SCV  
  76  5:36  SCV  
  76  5:40  SCV  
  79  5:44  Marine  
  79  5:48  SCV  
  79  5:49  SCV  
  81  5:51  Supply Depot  
  81  5:52  SCV, Marine x2  
  81  5:53  Marine  
  81  5:54  Marine  
  81  5:57  Medivac x2  
  88  6:00  SCV  
  88  6:01  SCV  
  92  6:04  SCV  
  92  6:07  Supply Depot  
  93  6:11  Barracks Reactor  
  93  6:12  Barracks Reactor  
  93  6:13  SCV, Widow Mine x2  
  93  6:14  Marine  
  93  6:15  Marine  
  93  6:16  SCV  
  101  6:24  Supply Depot  
  101  6:26  Factory  
  101  6:29  SCV, Marine x3  
  101  6:31  Supply Depot, Marine  
  106  6:35  Marine  
  106  6:38  Medivac  
  109  6:42  Refinery, Armory  
  109  6:44  Supply Depot, SCV  
  109  6:45  Medivac  
  109  6:46  Widow Mine x2  
  109  6:47  Marine x2  
  117  6:55  Supply Depot  
  117  6:59  SCV x2, Marine x6  
  125  7:01  Supply Depot x2  
  125  7:05  Marine  
  125  7:06  Combat Shield, SCV, Marine  
  128  7:10  Factory Tech Lab  
  128  7:11  SCV  
  128  7:12  Widow Mine x2  
  133  7:17  Marine, Medivac  
  136  7:29  Marine x3  
  139  7:33  Command Center  
  139  7:36  Marine  
  136  7:39  Marine x3  
  136  7:42  Widow Mine x2  
  143  7:47  Drilling Claws  
  143  7:48  Widow Mine  
  143  7:49  Terran Infantry Armor Level 2, Terran Infantry Weapons Level 2  
  145  7:51  Supply Depot  
  145  7:52  Terran Vehicle And Ship Armor Level 1  
  145  7:53  Marine x2  
  147  8:03  Medivac  
  147  8:04  SCV  
  150  8:05  Supply Depot  
  150  8:06  Marine x3  
  150  8:11  Sensor Tower  
  153  8:18  Marine x4  
  133  8:20  Widow Mine x2  
  133  8:21  Widow Mine, Medivac  
  133  8:22  SCV x2  
  133  8:25  Marine x2  
  141  8:32  Marine  
  141  8:34  Marine x2  
  124  8:36  Marine  
  124  8:38  Barracks  
  124  8:39  SCV x2  
  124  8:40  Barracks x2  
  129  8:42  SCV  
  129  8:43  Marine x2  
  129  8:45  Widow Mine  
  129  8:46  Widow Mine  
  129  8:48  Widow Mine  
  134  8:51  Marine x3  
  134  8:54  Marine  
  138  8:56  Marine  
  138  8:58  Liberator  
  138  9:01  SCV x2  
  138  9:02  Marine x2  
  144  9:05  Marine  
  147  9:10  Planetary Fortress  
  147  9:14  Widow Mine x2  
  147  9:16  Marine x2  
  150  9:18  Widow Mine  
  150  9:19  Marine x2  
  150  9:20  SCV x2  
  150  9:21  SCV  
  150  9:23  Supply Depot  
  157  9:27  Barracks Tech Lab x3  
  157  9:37  Marine x4  
  161  9:39  Liberator, Widow Mine x2  
  161  9:44  Supply Depot, Concussive Shells  
  168  9:46  Marauder x3  
  168  9:47  Marauder, Terran Vehicle And Ship Armor Level 2  
  168  9:49  Marine  
  168  9:50  Marine x2  
  179  10:01  Marine x2, Command Center  
  179  10:05  Widow Mine  
  179  10:06  Liberator, Widow Mine x2  
  190  10:08  Marauder  
  190  10:10  Marauder  
  190  10:13  Terran Infantry Weapons Level 3  
  192  10:14  Marine  
  192  10:15  Marine  
  192  10:18  Marine x2  
  196  10:27  Marauder x2, Sensor Tower  
  200  10:30  Marauder  
  200  10:42  Refinery  
  198  10:43  Refinery, Command Center  
  198  10:44  Ghost Academy, Marauder  
  174  10:59  Marine  
  174  11:01  Marine x2  
  174  11:02  Marine x3, Marauder  
  174  11:03  Marauder x2  
  174  11:04  Marine x2, Widow Mine x2  
  155  11:06  Liberator x2, Marauder, Widow Mine  
  155  11:07  SCV x2  
  165  11:16  Marine  
  166  11:23  Ghost, Marauder  
  166  11:24  Marauder  
  166  11:25  SCV, Widow Mine  
  172  11:26  SCV, Ghost  
  174  11:39  Widow Mine  
  176  11:40  Marine  
  176  11:41  Marine x2  
  176  11:42  SCV  
  176  11:44  Ghost  
  176  11:45  Widow Mine  
  184  11:48  Ghost  
  184  11:51  Refinery  
  183  11:55  Ghost  
  183  11:57  Orbital Command  
  185  12:01  Widow Mine  
  185  12:06  Ghost  
  189  12:11  Widow Mine  
  189  12:12  SCV  
  185  12:20  Marine x4  
  185  12:21  Marauder x2, Widow Mine  
  167  12:23  Widow Mine  
  167  12:28  Medivac x2  
  168  12:31  Marine x2  
  168  12:33  SCV x2  
  172  12:37  Marine x2, Marauder  
  172  12:43  Ghost, Marauder  
  178  12:45  Marine x2  
  180  12:58  Marine  
Show
View Real Time Build Order
Export as new Build Order

ONSYDESolar Zerg - Winner!

Build Orders: Hatch First 

Get SALT Encoding   

  12  0:00  Drone  
  13  0:11  Overlord  
  13  0:17  Drone  
  14  0:30  Drone x2  
  16  0:47  Hatchery  
  15  0:51  Drone  
  15  0:54  Drone  
  15  0:57  Drone  
  18  1:08  Extractor  
  17  1:12  Spawning Pool  
  17  1:16  Drone  
  17  1:19  Drone  
  18  1:27  Drone  
  20  1:40  Drone  
  20  1:48  Drone  
  21  2:00  Zergling x2, Queen x2  
  21  2:01  Zergling x2  
  27  2:09  Overlord  
  27  2:10  Drone  
  28  2:21  Hatchery  
  27  2:24  Drone  
  28  2:30  Drone  
  28  2:33  Drone  
  30  2:37  Queen  
  30  2:42  Metabolic Boost  
  32  2:46  Overlord  
  32  2:49  Drone  
  33  2:52  Drone  
  33  2:54  Drone  
  33  2:57  Drone  
  36  3:06  Drone x2  
  36  3:10  Drone x3  
  41  3:14  Queen  
  41  3:17  Overlord  
  41  3:19  Drone  
  44  3:32  Queen  
  44  3:33  Queen  
  48  3:36  Drone x2  
  48  3:39  Drone x2  
  48  3:41  Overlord  
  52  3:42  Drone  
  52  3:47  Drone x3  
  56  3:48  Drone  
  56  3:52  Zergling x2  
  56  3:53  Overlord  
  58  3:56  Overlord  
  58  4:00  Drone x2  
  60  4:03  Drone  
  60  4:08  Queen  
  63  4:12  Queen  
  63  4:15  Zergling x6  
  63  4:16  Drone x2  
  70  4:18  Drone x2  
  72  4:27  Overlord  
  72  4:28  Drone x2  
  74  4:32  Spore Crawler, Extractor  
  74  4:35  Evolution Chamber x2  
  74  4:37  Drone, Spore Crawler  
  70  4:38  Overlord  
  70  4:39  Drone x3  
  70  4:40  Drone  
  70  4:45  Queen  
  74  4:47  Overlord  
  74  4:48  Drone  
  74  4:50  Drone  
  74  4:51  Drone  
  80  4:52  Drone  
  80  4:58  Zergling x8  
  83  5:01  Zergling x2  
  83  5:02  Extractor  
  83  5:06  Zergling x4  
  84  5:09  Zerg Ground Armor Level 1  
  84  5:14  Zerg Melee Weapons Level 1  
  84  5:15  Zergling x6  
  84  5:17  Drone  
  84  5:18  Drone x2  
  84  5:19  Drone  
  84  5:20  Drone x2  
  93  5:23  Overlord  
  92  5:30  Drone, Lair  
  92  5:32  Drone  
  92  5:33  Drone  
  92  5:34  Drone  
  92  5:35  Drone  
  94  5:36  Drone  
  94  5:38  Drone  
  94  5:40  Drone  
  94  5:41  Hatchery  
  95  5:44  Drone, Extractor, Baneling Nest  
  95  5:45  Extractor  
  95  5:49  Drone x2  
  95  5:54  Zergling x4  
  95  5:55  Drone  
  98  5:58  Hatchery, Zergling x6  
  98  6:00  Overlord  
  98  6:04  Zergling x6  
  103  6:06  Zergling x4  
  105  6:15  Drone  
  105  6:16  Overlord  
  105  6:17  Overlord  
  106  6:23  Drone x2  
  108  6:26  Drone x5  
  108  6:28  Zergling x2  
  108  6:30  Centrifugal Hooks  
  108  6:31  Baneling x8  
  108  6:32  Baneling x3  
  114  6:34  Overseer  
  114  6:35  Zergling x2, Pneumatized Carapace  
  114  6:37  Zergling x4  
  114  6:38  Zergling x4  
  119  6:42  Zergling x4  
  121  6:49  Zergling x2  
  121  6:50  Zergling x4  
  121  6:53  Zergling x2, Queen  
  126  6:58  Drone x3  
  126  6:59  Extractor  
  126  7:00  Hydralisk Den, Zergling x4  
  126  7:01  Zergling x8  
  133  7:04  Drone  
  133  7:06  Overlord  
  133  7:07  Drone, Overlord  
  135  7:08  Zerg Ground Armor Level 2  
  135  7:11  Zerg Melee Weapons Level 2  
  135  7:13  Drone x3  
  135  7:14  Drone  
  140  7:15  Drone  
  140  7:20  Baneling x3  
  140  7:21  Drone  
  140  7:22  Overlord  
  141  7:25  Baneling x2  
  141  7:27  Overlord  
  141  7:28  Zergling x8  
  145  7:32  Zergling x14  
  145  7:33  Drone  
  145  7:35  Drone  
  145  7:36  Zergling x2  
  153  7:40  Extractor  
  153  7:44  Hydralisk x5  
  152  7:45  Grooved Spines  
  152  7:51  Baneling x2  
  162  7:53  Overlord  
  162  7:54  Zergling x10  
  162  7:55  Infestation Pit  
  166  7:59  Zergling x4  
  166  8:01  Baneling x8  
  166  8:03  Drone  
  169  8:06  Zergling x6, Infestation Pit, Extractor  
  169  8:08  Overlord x3  
  169  8:11  Hydralisk  
  171  8:16  Hydralisk x2  
  171  8:17  Hydralisk x2  
  171  8:19  Zergling x6  
  170  8:26  Zergling x2  
  170  8:27  Zergling x6, Overlord  
  160  8:37  Hive  
  160  8:41  Zergling x12, Lurker Den  
  160  8:42  Zergling x8  
  160  8:47  Zergling x14  
  160  8:48  Zergling x2  
  178  8:52  Drone x2  
  180  8:57  Baneling x14  
  180  8:59  Hatchery  
  180  9:00  Drone x3  
  182  9:03  Muscular Augments, Hydralisk  
  182  9:05  Hydralisk  
  182  9:07  Spore Crawler  
  185  9:10  Hydralisk x2  
  185  9:12  Overlord  
  185  9:13  Drone  
  190  9:17  Infestor  
  190  9:18  Zergling x6  
  190  9:22  Baneling x5, Burrow  
  193  9:32  Overseer x2  
  193  9:35  Zergling x14  
  193  9:36  Zergling x14  
  197  9:40  Hydralisk  
  199  9:51  Hatchery  
  198  10:00  Baneling x19  
  198  10:15  Zerg Ground Armor Level 3, Adrenal Glands  
  198  10:18  Seismic Spines  
  198  10:20  Zerg Missile Weapons Level 1  
  195  10:28  Drone x2  
  195  10:30  Zergling x6  
  195  10:33  Overseer  
  178  10:57  Zergling x8  
  178  10:58  Infestor, Zergling x32  
  178  11:03  Zergling x24  
  178  11:04  Zergling x4  
  191  11:10  Drone  
  191  11:11  Drone  
  193  11:23  Baneling x16  
  193  11:27  Zergling x4  
  193  11:28  Zergling x20  
  193  11:29  Hydralisk  
  199  11:33  Adaptive Talons  
  199  11:38  Viper  
  199  11:39  Nydus Network  
  197  11:43  Zergling x6, Spire  
  197  11:44  Zergling x2  
  198  11:56  Zergling x4  
  200  12:04  Unknown, Spore Crawler, Drone x2  
  200  12:09  Zergling x4  
  199  12:19  Zergling x38  
  199  12:21  Zergling x10  
  200  12:24  Drone, Zergling x8  
  200  12:26  Infestor  
  199  12:31  Zergling x2  
  200  12:46  Spore Crawler  
  197  12:52  Zergling x6  
  197  12:53  Zergling x2  
  198  13:02  Hatchery  
Tags
 
Add a new tag
Caveats
  • Supply blocks, unpowered buildings, or Contaminate may cause inaccurate times.
  • Supply counts are checked every 10 seconds.